 Dungeon Crawl Stone Soup version 0.22-a0-469-gf26638a (webtiles) character file.

154 wjh11 the Chopper (level 5, -5/47 HPs)
             Began as a Minotaur Berserker on June 12, 2018.
             Was a Priest of Trog.
             Killed by divine providence
             ... invoked by an orc priest
              (9 damage)
             ... on level 3 of the Dungeon.
             The game lasted 00:04:26 (2722 turns).

wjh11 the Chopper (Minotaur Berserker)              Turns: 2722, Time: 00:04:26

Health: -5/47      AC: 11    Str: 23    XL:     5   Next: 13%
Magic:  4/4        EV:  5    Int:  4    God:    Trog [***...]
Gold:   111        SH:  8    Dex:  9    Spells: 4/4 levels left

rFire    . . .     SeeInvis .   a - +0 hand axe
rCold    . . .     Gourm    .   k - +0 shield
rNeg     . . .     Faith    +   u - +0 plate armour
rPois    +         Spirit   .   (helmet restricted)
rElec    .         Reflect  .   (no cloak)
rCorr    .         Harm     .   (no gloves)
MR       .....                  (no boots)
Stlth    ..........             p - amulet of faith
HPRegen  0.15/turn              t - ring of poison resistance
MPRegen  0.09/turn              (no ring)

@: no status effects
A: retaliatory headbutt, horns 2
a: Berserk, Trog's Hand, Renounce Religion


You were on level 3 of the Dungeon.
You worshipped Trog.
Trog was most pleased with you.
You were not hungry.

You visited 1 branch of the dungeon, and saw 3 of its levels.

You collected 111 gold pieces.

Inventory:

Hand Weapons
 a - a +0 hand axe (weapon)
Armour
 k - a +0 shield (worn)
 u - a +0 plate armour (worn)
Jewellery
 p - an amulet of faith (around neck)
 t - a ring of poison resistance (left hand)
Wands
 b - a wand of flame (17)
Scrolls
 d - a scroll of teleportation {unknown}
 f - 4 scrolls of identify {unknown}
 g - 2 scrolls of immolation {unknown}
 i - a scroll of noise {unknown}
 j - a scroll of amnesia {unknown}
 n - a scroll of enchant weapon {unknown}
 s - a scroll of random uselessness {unknown}
Potions
 e - 2 potions of curing {unknown}
 m - a potion of resistance {unknown}
 o - a potion of degeneration {unknown}
 q - a potion of might {unknown}
 r - a potion of brilliance {unknown}
Comestibles
 c - 8 rations


   Skills:
 + Level 4.3 Fighting
 * Level 5.2 Axes
 + Level 3.4 Armour
 + Level 3.1 Dodging
 + Level 1.6 Shields


You had 4 spell levels left.
You didn't know any spells.
Your spell library was empty.

Dungeon Overview and Level Annotations

Branches:
Dungeon (3/15)

Altars:
Gozag
Ru

Annotations:
D:3 1 transporter


Innate Abilities, Weirdness & Mutations

You reflexively headbutt those who attack you in melee.
You have a pair of horns on your head.


Message History

The orc priest invokes the aid of Beogh against you.
Beogh smites you!
You enter the shallow water.
Moving in this stuff is going to be slow.
The shadow imp shouts, "Begone, thou churlish bat-fowling cud-chewer!"
The shadow imp shouts, "Taste defeat, thou feeble roguish pissant!"
The orc priest calls down the wrath of Beogh upon you.
You resist with almost no effort.
Your skin stops crawling.
You feel less resistant to hostile enchantments.
The shadow imp picks up a beetle and eats it.
The orc priest calls down the wrath of Beogh upon you.
Pain shoots through your body!
* * * LOW HITPOINT WARNING * * *
The shadow imp gestures at you. Pain shoots through your body!
* * * LOW HITPOINT WARNING * * *
The orc priest calls down the wrath of Beogh upon you.
Beogh smites you!
You die...

....###...# #.## ##.#######...
....# #...## #..## #...........
...####....####...####...........
......#..#......©................
...##.#..#..#########..#.........
...##.#..#..#8P$©$P8#..#>....)...
...##.####..#P../..≈#..#.....)...
...##.# #..####+####..#.....[.[.
......# #..#.≈.@.≈5#..#.........
...#### #..#o≈...≈.#..#.........
...# #..#5≈≈P≈≈o#..#.........
#### #..#.≈≈⌠≈≈.#..#......... .#
#..#.≈P≈≈≈.#..#......... .#######
#..#.≈...≈.#..#......... .......#
#..#.≈...≈.#..##########
.).....###..####'####..#
...8.....#..#P.....P#..# #####


You could see 2 orc priests and 2 shadow imps.

Vanquished Creatures
  Jessica (D:2)
  4 adders
  2 dart slugs (D:1)
  2 worms (D:3)
  5 leopard geckos
  6 orcs (D:3)
  A ball python (D:2)
  9 bats
  3 goblins (D:2)
  9 hobgoblins
  6 jackals
  2 quokkas (D:3)
  4 frilled lizards
  5 kobolds
  12 rats
71 creatures vanquished.

Notes
Turn   | Place    | Note
-------+----------+-------------------------------------------
     0 | D:1      | wjh11 the Minotaur Berserker began the quest for the Orb.
     0 | D:1      | Reached XP level 1. HP: 19/19 MP: 0/0
    35 | D:1      | Reached XP level 2. HP: 2/27 MP: 1/1
   447 | D:1      | Reached skill level 4 in Axes
   982 | D:2      | Reached XP level 3. HP: 31/33 MP: 2/2
  1230 | D:2      | Reached ** piety under Trog
  1255 | D:2      | Noticed Jessica
  1262 | D:2      | Killed Jessica
  1262 | D:2      | Reached skill level 1 in Shields
  1262 | D:2      | Reached XP level 4. HP: 26/40 MP: 3/3
  2027 | D:3      | Reached skill level 5 in Axes
  2041 | D:3      | Found a transporter.
  2106 | D:3      | Found a transporter.
  2144 | D:3      | Reached XP level 5. HP: 45/47 MP: 4/4
  2215 | D:3      | Found an opulent altar of Gozag.
  2313 | D:3      | Found a sacrificial altar of Ru.
  2386 | D:3      | Found a faded altar of an unknown god.
  2420 | D:3      | Reached *** piety under Trog
  2722 | D:3      | Killed from afar by an orc priest

Vault maps used:
D:1:      eino_arrival_water_cross
D:2:      uniq_jessica
D:3:      gammafunk_wand_slinger, nicolae_gozag_cash_rules_everything_around_me,
          first_ration, chequers_ecumenical_altar_simple,
          nicolae_ru_the_path_less_chosen

Skill      XL: |  1  2  3  4 |
---------------+-------------+-----
Axes           | 4 5 |  5.2
Fighting       | 4 |  4.3
Armour         | 3 |  3.4
Shields        | 1 |  1.6
Dodging        | 3 |  3.1

Action                   |  1- 3 |  4- 6 || total
-------------------------+-------+-------++-------
Melee: Hand axe          |    64 |    92 ||   156
       Headbutt          |    11 |    17 ||    28
Invok: Berserk           |     1 |       ||     1
       Trog's Hand       |       |     1 ||     1
  Eat: Chunk             |     2 |     5 ||     7
Armor: Animal skin       |     6 |       ||     6
       Ring mail         |     8 |    21 ||    29
       Plate armour      |       |    11 ||    11
Dodge: Dodged            |    43 |    28 ||    71
Block: Shield            |    12 |    38 ||    50

Table legend:
 A = Spawn XP
 B = Non-spawn XP
 C = Spawn XP percentage of total XP
 D = Spawn monster count
 E = Non-spawn monster count
 F = Spawn count percentage of total count
 G = Total turns spent on level
                    A         B        C        D         E        F      G
               +---------+---------+-------+---------+---------+-------+---------
         Total |       0 |     221 |   0.0 |       0 |      71 |   0.0 |  2722
               +---------+---------+-------+---------+---------+-------+---------
           D:1 |       0 |      37 |   0.0 |       0 |      19 |   0.0 |   949
           D:2 |       0 |     112 |   0.0 |       0 |      25 |   0.0 |   980
           D:3 |       0 |      72 |   0.0 |       0 |      27 |   0.0 |   793
               +---------+---------+-------+---------+---------+-------+---------
